General information
			
			
        
        - name: 1v1 OBS TM With CruelJustice
 
        - type: Custom game
 
        - host: TALONSAREIMBA
 
        - saver: TALONSAREIMBA
 
        
map: TwistedMeadows 
        - players: 7
 
        - length: 19:53
 
        - speed: Fast
 - version: 1.22 W3XP
 - replay type:  Public
 
» download(166 KB)
Players
        team 1 (loser) 
              
              
TALONSAREIMBA (
red | 163 APM | 3251 actions | 19:53)
              
 3 Blademaster 
 1 Wind Walk
 2 Critical Strike
 3 Shadow Hunter 
 2 Hex
 1 Healing Wave
 
                » actions 
                
                | Assign group hotkey | 35 |  | 
| Basic commands | 164 |  | 
| Build / train | 70 |  | 
| ESC pressed | 2 |  | 
| Enter build submenu | 14 |  | 
| Enter hero's abilities submenu | 6 |  | 
| Give item / drop item | 3 |  | 
| Right click | 1661 |  | 
| Select / deselect | 692 |  | 
| Select group hotkey | 494 |  | 
| Use ability | 110 |  | 
                3251 total
 » units 
                
                | Peon | 10 |  | 
| Grunt | 12 |  | 
| Raider | 8 |  | 
| Spirit Walker | 1 |  | 
| Kodo Beast | 1 |  | 
| Wind Rider | 1 |  | 
                33 total
 » upgrades
                
                | Ensnare | 1 |  | 
| Spirit Walker Training | 1 |  | 
| Berserker Strength | 1 |  | 
| Armor | 2 |  | 
| Melee Weapons | 1 |  | 
| Pillage | 1 |  | 
                7 total
 » buildings
                
                | Altar of Storms | 1 |  | 
| Orc Burrow | 4 |  | 
| Barracks | 1 |  | 
| Voodoo Lounge | 2 |  | 
| Stronghold | 2 |  | 
| Beastiary | 1 |  | 
| Spirit Lodge | 1 |  | 
| War Mill | 1 |  | 
                13 total
 » build order
                00:03 Altar of Storms
00:11 Orc Burrow
00:41 Barracks
01:38 Orc Burrow
02:09 Voodoo Lounge
03:06 Voodoo Lounge
03:46 Stronghold
03:46 Stronghold
04:11 Orc Burrow
06:10 Beastiary
06:11 Spirit Lodge
06:52 War Mill
08:47 Orc Burrow
» items
                
                | Boots of Speed | 1 |  | 
| Dust of Appearance | 2 |  | 
| Lesser Clarity Potion | 7 |  | 
| Healing Salve | 4 |  | 
| Scroll of Town Portal | 4 |  | 
| Potion of Lesser Invulnerability | 1 |  | 
| Scroll of Healing | 1 |  | 
                20 total
  
               team 2 (winner) 
              
              
IPRACTICE2SUCK (
blue | 215 APM | 4281 actions | 19:53)
              
 4 Blademaster 
 2 Wind Walk
 2 Critical Strike
 3 Shadow Hunter 
 1 Hex
 2 Healing Wave
 
                » actions 
                
                | Assign group hotkey | 51 |  | 
| Basic commands | 30 |  | 
| Build / train | 94 |  | 
| Enter build submenu | 17 |  | 
| Enter hero's abilities submenu | 7 |  | 
| Give item / drop item | 3 |  | 
| Remove unit from queue | 7 |  | 
| Right click | 1952 |  | 
| Select / deselect | 764 |  | 
| Select group hotkey | 1165 |  | 
| Use ability | 191 |  | 
                4281 total
 » units 
                
                | Peon | 10 |  | 
| Grunt | 9 |  | 
| Raider | 6 |  | 
| Spirit Walker | 4 |  | 
| Kodo Beast | 2 |  | 
| Troll Batrider | 2 |  | 
                33 total
 » upgrades
                
                | Berserker Strength | 1 |  | 
| Ensnare | 1 |  | 
| Witch Doctor Training | 1 |  | 
| Spirit Walker Training | 1 |  | 
                4 total
 » buildings
                
                | Altar of Storms | 1 |  | 
| Orc Burrow | 6 |  | 
| Barracks | 1 |  | 
| Voodoo Lounge | 3 |  | 
| Stronghold | 3 |  | 
| Beastiary | 1 |  | 
| War Mill | 1 |  | 
| Spirit Lodge | 1 |  | 
                17 total
 » build order
                00:05 Altar of Storms
00:15 Orc Burrow
00:34 Barracks
01:32 Orc Burrow
01:54 Voodoo Lounge
02:58 Voodoo Lounge
03:33 Stronghold
03:34 Stronghold
03:34 Stronghold
04:27 Orc Burrow
06:11 Beastiary
06:13 War Mill
06:17 Spirit Lodge
07:36 Orc Burrow
08:42 Voodoo Lounge
17:11 Orc Burrow
18:47 Orc Burrow
» items
                
                | Healing Salve | 12 |  | 
| Lesser Clarity Potion | 6 |  | 
| Scroll of Speed | 3 |  | 
| Scroll of Town Portal | 1 |  | 
| Potion of Healing | 2 |  | 
| Scroll of Healing | 1 |  | 
                25 total
  
               observersMr.Orgi, 
fatlowman, 
Betrayed_Spirit, 
PiNKGLittERBuG, 
Mywar Chat log
          (00:17 / All) TALONSAREIMBA: remake - moss
(00:22 / All) TALONSAREIMBA: lmao yeah right - talons
(00:23 / All) IPRACTICE2SUCK: wtf
(05:29 / All) IPRACTICE2SUCK: y not my burrow
(08:22 / All) TALONSAREIMBA: no ay u teched
(08:22 / All) TALONSAREIMBA: snare
(19:44 / All) TALONSAREIMBA: gg
(19:45 / All) TALONSAREIMBA: Lmao
(19:52 / All) IPRACTICE2SUCK: Gg